 Dungeon Crawl Stone Soup version 0.31-a0-1370-gf52a5a9ab3 (webtiles) character file.

Game seed: 8079556374171416275

222 grandjackal the Trooper (level 5, -2/57 HPs)
             Began as an Oni Warper on Dec 24, 2023.
             Slain by a scorpion (5 damage)
             ... on level 4 of the Dungeon.
             The game lasted 00:03:23 (2825 turns).

grandjackal the Trooper (Oni Warper)                Turns: 2825, Time: 00:03:23

Health: -2/57      AC:  3    Str: 15    XL:     5   Next: 99%
Magic:  8/8        EV:  9    Int: 16    God:
Gold:   177        SH:  0    Dex:  8    Spells: 1/8 levels left

rFire   . . .        v - +0 flail
rCold   . . .        (no shield)
rNeg    . . .        b - +0 robe
rPois   +            (helmet restricted)
rElec   .            (no cloak)
rCorr   .            (gloves unavailable)
SInv    .            (boots unavailable)
Will    +....        (no amulet)
Stlth   +            l - ring of willpower
HPRegen 0.29/turn    r - ring of poison resistance
MPRegen 0.11/turn

%: no passive effects
@: lethally poisoned (-2 -> -19)
A: large, unfitting armour, horns 1, tough skin 1, double potion healing,
drunken brawling
a: no special abilities


You were on level 4 of the Dungeon.
You visited 1 branch of the dungeon, and saw 4 of its levels.

You collected 177 gold pieces.

Inventory:

Hand Weapons
 v - a +0 flail (weapon)
Missiles
 a - 5 poisoned darts
 d - 7 darts of dispersal (quivered)
Armour
 b - a +0 robe (worn)
Jewellery
 g - a ring of positive energy
 l - a ring of willpower (left hand)
 r - a ring of poison resistance (right hand)
 x - an amulet of regeneration
 y - a +6 ring of dexterity
Scrolls
 c - 2 scrolls of blinking
 f - a scroll of amnesia {unknown}
 h - 6 scrolls of identify {unknown}
 i - 2 scrolls of noise {unknown}
 j - a scroll of brand weapon {unknown}
 m - a scroll of acquirement {unknown}
 o - 3 scrolls of teleportation {unknown}
 q - a scroll of poison {unknown}
 u - a scroll of torment {unknown}
 z - a scroll of vulnerability {unknown}
Potions
 e - a potion of magic {unknown}
 k - a potion of degeneration {unknown}
 n - a potion of resistance {unknown}
 p - a potion of brilliance {unknown}
 s - a potion of lignification {unknown}
 t - a potion of curing {unknown}
 w - a potion of mutation {unknown}


   Skills:
 + Level 5.1 Fighting
 + Level 3.7 Maces & Flails
 - Level 1.0 Throwing
 - Level 2.1 Dodging
 - Level 2.4 Spellcasting
 + Level 4.0 Translocations


You had one spell level left.
You knew the following spells:

 Your Spells              Type           Power      Damage    Failure   Level
a - Blink                 Tloc           28%        N/A       6%          2
b - Lesser Beckoning      Tloc           28%        N/A       6%          2
c - Teleport Other        Tloc           14%        N/A       12%         3

Your spell library contained the following spells:

 Spells                   Type           Power      Damage    Failure   Level
 Apportation              Tloc           28%        N/A       3%          1
 Necrotise                Necr           4%         1d4       21%         1
 Sting                    Conj/Alch      4%         1d3       21%         1
 Summon Small Mammal      Summ           4%         N/A       21%         1
 Manifold Assault         Tloc           14%        N/A       36%         4
 Dazzling Flash           Conj/Hex       2%         N/A       52%         3
 Mephitic Cloud           Conj/Alch/Air  1%         N/A       52%         3
 Vhi's Electric Charge    Tloc/Air       16%        N/A       65%         4
 Agony                    Necr           1%         N/A       99%         5
 Silence                  Hex/Air        0%         N/A       99%         5


Dungeon Overview and Level Annotations

Branches:
Dungeon (4/15)
 Temple: D:4-7

Altars:
Vehumet
Zin

Annotations:
D:3 1 runed translucent door, exclusion: statue, Crazy Yiuf


Innate Abilities, Weirdness & Mutations

You are too large for most types of armour.
You have a pair of small horns on your head.
You have tough skin. (AC +1)
You gain doubled healing and magic from potions.
Whenever you drink a healing potion, you attack all around you.


Message History

The hound closely misses you. The hound barely misses you.
You hit the hound. Your headbutt misses the hound.
The hound is severely wounded.
The hound bites you but does no damage. The hound bites you.
You sock the hound!
You kill the hound!
The scorpion stings you.
Your Fighting skill increases to level 5!
Your Translocations skill increases to level 4!
You closely miss the scorpion.
You headbutt the scorpion, but do no damage.
The scorpion barely misses you.
You barely miss the scorpion.
The scorpion stings you but does no damage.
The scorpion barely misses you.
You sock the scorpion!
The scorpion is severely wounded.
The scorpion stings you.
You closely miss the scorpion. Your headbutt misses the scorpion.
The scorpion is severely wounded.
The scorpion barely misses you. x2
You barely miss the scorpion. Your headbutt misses the scorpion.
The scorpion is severely wounded.
The scorpion stings you.
You are poisoned.
The scorpion poisons you!
You barely miss the scorpion.
The scorpion is severely wounded.
You feel very sick.
The scorpion stings you but does no damage.
The scorpion stings you.
* * * LOW HITPOINT WARNING * * *
You are more poisoned.
The scorpion poisons you!
You hit the scorpion.
The scorpion is almost dead.
* * * LOW HITPOINT WARNING * * *
You feel extremely sick. The scorpion stings you.
You die...

#.## ##.## #.#.##
##....##
##......##
###........# .#
###..#.......#
..#
###s.####......#
..## ###.@###
#.....## #..#
###......##
##....# #..#
###.........#
###..#
#..##...........#
#..
#.....รท........#
#.
##.............#
#.............#
##............##
###.............#


You could see a scorpion.

Vanquished Creatures
  A hound (D:4)
  Natasha (thrice) (D:4)
  4 gnolls
  2 adders (D:2)
  2 worms (D:2)
  A dart slug (D:2)
  An orc (D:3)
  2 bats (D:3)
  5 endoplasms
  A giant cockroach (D:2)
  6 goblins
  5 hobgoblins
  6 kobolds
  2 quokkas
  5 ball pythons
  2 frilled lizards
  8 rats
56 creatures vanquished.

Notes
Turn   | Place    | Note
-------+----------+-------------------------------------------
     0 | D:1      | grandjackal the Oni Warper began the quest for the Orb.
     0 | D:1      | Reached XP level 1. HP: 22/22 MP: 3/3
   287 | D:1      | Reached skill level 3 in Fighting
   323 | D:1      | Reached XP level 2. HP: 31/31 MP: 5/5
   376 | D:1      | You fall into a shaft and drop 1 floor!
   411 | D:2      | Found a glowing silver altar of Zin.
   445 | D:2      | Reached XP level 3. HP: 25/37 MP: 6/6
   473 | D:1      | Learned a level 2 spell: Blink
  1207 | D:3      | Learned a level 2 spell: Lesser Beckoning
  1279 | D:3      | Reached XP level 4. HP: 38/48 MP: 7/7
  1290 | D:3      | Learned a level 3 spell: Teleport Other
  1360 | D:3      | Reached skill level 4 in Fighting
  1417 | D:3      | Found a faded altar of an unknown god.
  1833 | D:3      | Found a radiant altar of Vehumet.
  1833 | D:3      | Noticed a frost-covered statue
  2337 | D:3      | Found a runed translucent door.
  2338 | D:3      | Noticed Crazy Yiuf
  2447 | D:4      | Noticed Natasha
  2459 | D:4      | Killed Natasha
  2460 | D:4      | Reached XP level 5. HP: 29/55 MP: 8/8
  2576 | D:4      | Noticed Natasha
  2586 | D:4      | Killed Natasha
  2591 | D:4      | Noticed Natasha
  2602 | D:4      | Killed Natasha
  2819 | D:4      | Reached skill level 5 in Fighting
  2825 | D:4      | Slain by a scorpion

Illustrated notes

Levels and vault maps discovered:
D:1:      amcnicky_arrival_single_pillar, layout_basic,
          corexii_hall_statues_deadend
D:2:      layout_rooms, basic_altar, minmay_tetromino_s2
D:3:      layout_loops_ring, vehumet_statue, ebering_ecumenical_altar_rust,
          uniq_crazy_yiuf_cottage
D:4:      layout_cave_pods, uniq_natasha

Skill      XL: |  1  2  3  4  5 |
---------------+----------------+-----
Fighting       | 3 4 5 |  5.1
Translocations | 3 4 |  4.0
Maces & Flails | 3 |  3.7
Throwing       | |  1.0
Dodging        | |  2.1
Spellcasting   | |  2.4

Action                     |  1- 3 |  4- 6 || total
---------------------------+-------+-------++-------
  Melee: Mace              |    91 |    34 ||   125
         Headbutt          |    17 |    15 ||    32
         Punch             |     1 |       ||     1
         Flail             |       |    76 ||    76
   Cast: Blink             |       |     3 ||     3
 Armour: Robe              |    89 |    92 ||   181
  Dodge: Dodged            |    51 |    67 ||   118

Table legend: (Time is in decaauts)
 A = Elapsed time spent in this place.
 B = Non-inter-level travel time spent in this place.
 C = Inter-level travel time spent in this place.
 D = Time resting spent in this place.
 E = Time spent auto-exploring this place.
 F = Levels seen in this place.
 G = Mean time per level.
                   A        B        C        D        E       F      G
               +--------+--------+--------+--------+--------+-----+--------+
         Total |   2875 |   2739 |    136 |    536 |   1548 |   4 |  718.8 |
       Dungeon |   2875 |   2739 |    136 |    536 |   1548 |   4 |  718.8 |
               +--------+--------+--------+--------+--------+-----+--------+

Top non-repeatable levels by time:
     D:3: 1183 daAuts
     D:2: 673 daAuts
     D:1: 627 daAuts
     D:4: 391 daAuts
